 Dungeon Crawl Stone Soup version 0.28.0-53-g5a82cb258f (webtiles) character file.

Game seed: 15845957660680904619

88 Nyth the Magician (level 4, 0/31 HPs)
             Began as a Djinni Fire Elementalist on Aug 8, 2022.
             Killed by divine providence
             ... invoked by an orc priest
              (8 damage)
             ... on level 3 of the Dungeon.
             The game lasted 00:09:08 (4368 turns).

Nyth the Magician (Djinni Fire Elementalist)        Turns: 4368, Time: 00:09:10

Health: 0/31       AC:  2    Str:  7    XL:     4   Next: 82%
Gold:   95         EV: 12    Int: 19    God:
                   SH:  0    Dex: 13

rFire   + + .      SeeInvis .   (no weapon)
rCold   x . .      Faith    .   (no shield)
rNeg    . . .      Spirit   .   a - +0 robe
rPois   ∞          Reflect  .   (no helmet)
rElec   .          Harm     .   (no cloak)
rCorr   .          Rampage  .   (no gloves)
Will    .....                   (boots unavailable)
Stlth   ++........              (no amulet)
HPRegen 0.10/turn               (no ring)
MPRegen 0.00/turn               (no ring)

@: flying
A: sickness immunity, fire resistance 2, cold vulnerability 1, float, innate
caster, HP casting, extra vitality 1
a: no special abilities


You were on level 3 of the Dungeon.
You visited 1 branch of the dungeon, and saw 3 of its levels.

You collected 95 gold pieces.

Inventory:

Armour
 a - a +0 robe (worn)
Jewellery
 b - a +6 ring of strength
 e - a ring of see invisible
Scrolls
 c - a scroll of brand weapon {unknown}
 d - 4 scrolls of identify {unknown}
Potions
 f - a potion of lignification {unknown}


   Skills:
 + Level 0.1 Fighting
 * Level 2.5 Dodging
 + Level 1.7 Stealth
 * Level 3.8 Spellcasting


You couldn't memorise any spells.
You knew the following spells:

 Your Spells              Type           Power      Damage    Failure   Level
a - Foxfire               Conj/Fire      72%        2x1d7     2%          1
b - Scorch                Fire           36%        2d6       4%          2
c - Conjure Flame         Conj/Fire      18%        6-21      9%          3
d - Inner Flame           Hex/Fire       18%        N/A       9%          3
e - Flame Wave            Conj/Fire      18%        2d6       28%         4
f - Animate Skeleton      Necr           36%        N/A       2%          1
Your spell library was empty.

Dungeon Overview and Level Annotations

Branches:
Dungeon (3/15)

Altars:


Innate Abilities, Weirdness & Mutations

You are immune to sickness and miasma.
You are immune to poison.
Your flesh is very heat resistant. (rF++)
You are vulnerable to cold. (rC-)
You float through the air rather than walking.
You learn spells naturally, not from books.
Your magical power is your life essence.
You have superior vitality. (+4 MHP)


Message History

The orc is severely wounded.
You conjure some foxfire!
An orc comes into view. It is wielding a +0 club.
The orc hits you with a +0 hand axe. The orc closely misses your foxfire.
The foxfire hits the orc but does no damage.
The orc is severely wounded.
The foxfire hits the orc but does no damage.
The orc is severely wounded.
The orc barely misses you. The orc misses you.
You are too injured to fight recklessly!
You are too injured to fight recklessly!
Casting: Foxfire (safe; 2% risk of failure)
Confirm with . or Enter, or press ? or * to list all spells.
You conjure some foxfire!
The orc hits you with a +0 dagger.
Your foxfire dissipates!
Casting: Foxfire (safe; 2% risk of failure)
Confirm with . or Enter, or press ? or * to list all spells.
You don't know that spell.
There are no items here.
Casting: Foxfire (safe; 2% risk of failure)
Confirm with . or Enter, or press ? or * to list all spells.
You don't know that spell.
Casting: Foxfire (safe; 2% risk of failure)
Confirm with . or Enter, or press ? or * to list all spells.
You conjure some foxfire!
* * * LOW HITPOINT WARNING * * *
A quokka comes into view.
The foxfire hits the orc but does no damage.
A dart slug comes into view.
You barely miss the orc.
The foxfire hits the orc but does no damage.
The orc is heavily wounded.
The orc priest begins to cast a cantrip, but forgets the words!
Casting: Foxfire (safe; 2% risk of failure)
Confirm with . or Enter, or press ? or * to list all spells.
You conjure some foxfire!
* * * LOW HITPOINT WARNING * * *
The orc priest invokes the aid of Beogh against you.
Beogh smites you!
You die...

......w...........
......P......P...
...o...r........
#......P..P...
#..o.. ..†... ..
#.... ...##...#
#...#####ov.....#
#....oo.v@#
#....####o# #....#
....
##......#.##.#
........#.# #
#####.#.....
#....... ###..##.
..


You could see an orc priest, a dart slug, 3 orcs and a quokka.

Vanquished Creatures
  Jessica (D:2)
  A worm (D:2)
  2 dart slugs (D:1)
  5 ball pythons
  2 bat zombies (D:2)
  7 endoplasms
  3 giant cockroaches
  6 goblins (D:1)
  7 hobgoblins
  2 quokkas (D:2)
  A ball python zombie (D:2)
  3 bats
  3 frilled lizards
  3 kobolds (D:1)
  3 rats (D:1)
49 creatures vanquished.

Vanquished Creatures (collateral kills)
  A foxfire (D:2)
1 creature vanquished.

Vanquished Creatures (others)
  156 foxfires
  A fungus (D:3)
  3 plants (D:1)
  2 withered plants (D:2)
162 creatures vanquished.

Grand Total: 212 creatures vanquished

Notes
Turn   | Place    | Note
-------+----------+-------------------------------------------
     0 | D:1      | Nyth the Djinni Fire Elementalist began the quest for the
                  | Orb.
     0 | D:1      | Reached XP level 1. HP: 15/15 MP: 0/0
   177 | D:1      | Reached XP level 2. HP: 3/21 MP: 0/0
  1253 | D:1      | Reached skill level 3 in Spellcasting
  1782 | D:1      | Found a faded altar of an unknown god.
  1821 | D:1      | Reached XP level 3. HP: 22/25 MP: 0/0
  1821 | D:1      | Learned a level 1 spell: Animate Skeleton
  3275 | D:2      | Reached XP level 4. HP: 28/31 MP: 0/0
  3841 | D:2      | Noticed Jessica
  3856 | D:2      | Killed Jessica
  4368 | D:3      | Killed from afar by an orc priest

Illustrated notes

Levels and vault maps discovered:
D:1:      kennysheep_arrival_seaside, layout_loops_cross, basic_ecumenical_altar
D:2:      layout_loops_cross, serial_undead, serial_undead_f, serial_undead_e,
          serial_undead_e, serial_undead_c, uniq_jessica
D:3:      kennysheep_slugbush, layout_loops_cross,
          eat_drink_and_be_merry_uskayaw, jmf_multi_god_temple,
          minmay_misc_feat_plants, grunt_decor_mini_mirrors, uniq_natasha,
          uniq_sigmund

Skill      XL: |  1  2 |
---------------+-------+-----
Spellcasting   | 3 |  3.8
Fighting       | |  0.1
Dodging        | |  2.5
Stealth        | |  1.7

Action                   |  1- 3 |  4- 6 || total
-------------------------+-------+-------++-------
Melee: Unarmed           |    20 |    13 ||    33
       Punch             |     1 |       ||     1
 Cast: Foxfire           |    90 |    43 ||   133
Armor: Robe              |     8 |     2 ||    10
Dodge: Dodged            |    29 |    16 ||    45
